 Dungeon Crawl Stone Soup version 0.31-a0-654-gbe3e110b4e (webtiles) character file.

Game seed: 13421636904280453497

108 Dirtsage the Changeling (level 4, 0/28 HPs)
             Began as an Octopode Shapeshifter on Aug 29, 2023.
             Slain by an orc wizard
             ... wielding a +0 dagger
              (4 damage)
             ... on level 3 of the Dungeon.
             The game lasted 00:02:54 (1584 turns).

Dirtsage the Changeling (Octopode Shapeshifter)     Turns: 1584, Time: 00:02:55

Health: 0/28       AC:  1    Str: 15    XL:     4   Next: 87%
Magic:  4/4        EV: 13    Int: 12    God:
Gold:   154        SH:  0    Dex: 11    Spells: 3/3 levels left

rFire   . .          .
                       - Unarmed
rCold   . . .        (no shield)
rNeg    . . .        (helmet currently unavailable)
rPois   .            (no amulet)
rElec   .            d - ring of flight
rCorr   .            (no ring)
SInv    .            (no ring)
Will    .....        (no ring)
Stlth   ++           (no ring)
HPRegen 0.24/turn    (no ring)
MPRegen 0.09/turn    (no ring)
                     (no ring)

%: no passive effects
@: confused, beast-form, flying
A: beast (slay +2), almost no armour, amphibious, 8 rings, camouflage 1,
gelatinous body 1, (nimble swimmer 1), tentacles
a: Begin Untransformation


You were on level 3 of the Dungeon.
You were a hulking beast.
You visited 1 branch of the dungeon, and saw 3 of its levels.

You collected 154 gold pieces.

Inventory:

Magical Staves
 l - a staff of conjuration
Jewellery
 d - a ring of flight (left tentacle)
Talismans
 b - a beast talisman (active)
 c - a flux talisman
 f - a blade talisman
Scrolls
 e - 2 scrolls of identify {unknown}
 i - a scroll of poison {unknown}
 j - a scroll of fear {unknown}
 m - 2 scrolls of teleportation {unknown}
Potions
 a - 2 potions of lignification
 g - 4 potions of curing {unknown}
 h - a potion of heal wounds {unknown}
 k - a potion of might {unknown}


   Skills:
 - Level 1.0 Fighting
 - Level 2.0 Dodging
 + Level 3.9 Unarmed Combat
 * Level 4.5 Shapeshifting


You had 3 spell levels left.
You didn't know any spells.
Your spell library was empty.

Dungeon Overview and Level Annotations

Branches:
Dungeon (3/15)

Altars:

Shops:
D:1 [


Innate Abilities, Weirdness & Mutations

You are a hulking beast.
Your limbs bulge with bestial killing power. (Slay +2)
You cannot wear most types of armour.
You are amphibious.
You can wear up to eight rings at the same time.
Your skin changes colour to match your surroundings (Stealth+).
Your rubbery body absorbs attacks. (AC +1, EV +1)
((You are camouflaged when in or above water. (Stealth+)))
You have tentacles for arms and can constrict up to eight enemies at once.


Message History

The orc is almost dead.
You constrict the orc.
You kill the orc!
Things that are here:
a +0 hand axe; an orc corpse You tentacle-slap something.
Something hits you.
You take 3 damage, and have 25/28 hp.
You miss something. Your squeeze misses something. Something hits you.
You take 1 damage, and have 24/28 hp.
You tentacle-slap something but do no damage.
Something hits you.
You take 2 damage, and have 22/28 hp.
You tentacle-slap something. Your squeeze misses something. Something hits you.
You take 1 damage, and have 21/28 hp.
You barely miss something. Something hits you.
You take 3 damage, and have 18/28 hp.
You tentacle-slap something. Something hits you.
You take 4 damage, and have 14/28 hp.
You barely miss something. Something hits you.
You take 1 damage, and have 13/28 hp.
You tentacle-slap the orc wizard. You grab the orc wizard.
You squeeze the orc wizard.
The orc wizard is heavily wounded.
You constrict the orc wizard. The orc wizard misses you.
You hear some strange, mumbled words.
You are confused.
You bump into the rock wall.
You constrict the orc wizard, but do no damage.
The orc wizard barely misses you. Something hits you.
You take 4 damage, and have 10/28 hp.
You miss something.
You constrict the orc wizard, but do no damage.
The orc wizard hits you with a +0 dagger.
* * * LOW HITPOINT WARNING * * *
Something hits you.
* * * LOW HITPOINT WARNING * * *
You take 6 damage, and have 4/28 hp.
MASSIVE DAMAGE!!
You completely miss something. You constrict the orc wizard.
The orc wizard misses you. Something hits you.
You die...

.##.##### #....# #.#
........###.##.# #.#
#..##...#.##.## #.#
#.........†..####.#
###..#######...##.#
#)...........##.#
#..###.###.##...# ##.##
#..##o.#.######.. #.###†.##
#...h............ # #....†..#
#.####...........
.######.#.###.####...........
..# #†#......#.............
#.#####.###..#.#.##o.........
#.##....# #....#.##..........
.....#### ##.................
#.#########.........######...
.....................^......


You could see an orc wizard.

Vanquished Creatures
  3 adders
  A dart slug (D:2)
  2 orcs (D:3)
  6 endoplasms
  5 giant cockroaches
  8 goblins
  7 hobgoblins
  12 jackals (D:3)
  A quokka (D:1)
  5 ball pythons
  5 bats
  4 frilled lizards
  3 kobolds
  4 rats
66 creatures vanquished.

Notes
Turn   | Place    | Note
-------+----------+-------------------------------------------
     0 | D:1      | Dirtsage the Octopode Shapeshifter began the quest for the
                  | Orb.
     0 | D:1      | Reached XP level 1. HP: 13/13 MP: 1/1
    45 | D:1      | Reached XP level 2. HP: 17/18 MP: 2/2
   248 | D:1      | Found Aghimp's Antique Armour Boutique.
   392 | D:1      | Reached XP level 3. HP: 23/23 MP: 3/3
   693 | D:2      | Reached skill level 4 in Shapeshifting
   812 | D:2      | Reached XP level 4. HP: 28/28 MP: 4/4
  1303 | D:3      | Found a faded altar of an unknown god.
  1584 | D:3      | Slain by an orc wizard

Illustrated notes

Levels and vault maps discovered:
D:1:      scummos_arrival_checkerplants, layout_rooms, serial_shops,
          nicolae_shop_trees
D:2:      layout_loops_ring
D:3:      layout_rooms, ebering_ecumenical_altar_webs

Skill      XL: |  1  2  3 |
---------------+----------+-----
Shapeshifting  | 4 |  4.5
Fighting       | |  1.0
Dodging        | |  2.0
Unarmed Combat | |  3.9

Action                     |  1- 3 |  4- 6 || total
---------------------------+-------+-------++-------
  Melee: Unarmed           |    63 |    62 ||   125
         Constrict         |    14 |    17 ||    31
         Tentacles         |     8 |    13 ||    21
         Punch             |       |     1 ||     1
   Stab: Sleeping          |     7 |     1 ||     8
 Armour: Skin              |     4 |     5 ||     9
  Dodge: Dodged            |    38 |    27 ||    65

Table legend: (Time is in decaauts)
 A = Elapsed time spent in this place.
 B = Non-inter-level travel time spent in this place.
 C = Inter-level travel time spent in this place.
 D = Time resting spent in this place.
 E = Time spent auto-exploring this place.
 F = Levels seen in this place.
 G = Mean time per level.
                   A        B        C        D        E       F      G
               +--------+--------+--------+--------+--------+-----+--------+
         Total |   1575 |   1542 |     33 |     70 |   1122 |   3 |  525.0 |
       Dungeon |   1575 |   1542 |     33 |     70 |   1122 |   3 |  525.0 |
               +--------+--------+--------+--------+--------+-----+--------+

Top non-repeatable levels by time:
     D:2: 685 daAuts
     D:1: 490 daAuts
     D:3: 400 daAuts
